 Dungeon Crawl Stone Soup version 0.29.1-12-g30fa7ad0bf (webtiles) character file.

Game seed: 4268583462393737219

3251 sanboga the Cleaver (level 9, -5/83 HPs)
             Began as a Minotaur Berserker on Dec 17, 2022.
             Was a High Priest of Trog.
             Killed from afar by a steam dragon (20 damage)
             ... with a ball of steam
             ... on level 7 of the Dungeon.
             The game lasted 00:07:31 (7363 turns).

sanboga the Cleaver (Minotaur Berserker)            Turns: 7363, Time: 00:07:31

Health: -5/83      AC: 18    Str: 27    XL:     9   Next: 67%
Magic:  8/8        EV: 12    Int:  4    God:    Trog [*****.]
Gold:   351        SH:  0    Dex:  9    Spells: 8/8 levels left

rFire   . . .      SeeInvis .   g - +0 war axe
rCold   . . .      Faith    .   (no shield)
rNeg    . . .      Spirit   .   f - +0 plate armour
rPois   .          Reflect  .   (helmet restricted)
rElec   .          Harm     .   (no cloak)
rCorr   .          Rampage  .   w - +2 pair of gloves
Will    .....                   h - +0 pair of boots
Stlth   ..........              (no amulet)
HPRegen 0.23/turn               o - +4 ring of evasion
MPRegen 0.11/turn               (no ring)

@: on berserk cooldown, slowed, very slow
A: horns 2, retaliatory headbutt
a: Renounce Religion, Berserk, Trog's Hand, Brothers in Arms


You were on level 7 of the Dungeon.
You worshipped Trog.
Trog was extremely pleased with you.
You visited 1 branch of the dungeon, and saw 8 of its levels.
You also visited: Ossuary.

You collected 351 gold pieces.

Inventory:

Hand Weapons
 g - a +0 war axe (weapon)
Armour
 f - a +0 plate armour (worn)
 h - a +0 pair of boots (worn)
 w - a +2 pair of gloves (worn)
Jewellery
 o - a +4 ring of evasion (left hand)
 y - a ring of fire
Wands
 s - a wand of polymorph (9)
 u - a wand of flame (31)
Scrolls
 a - 2 scrolls of fear
 b - a scroll of amnesia {unknown}
 c - 2 scrolls of silence
 e - a scroll of blinking
 k - 6 scrolls of fog
 l - 2 scrolls of poison {unknown}
 t - a scroll of teleportation
Potions
 d - 2 potions of mutation {unknown}
 j - 2 potions of cancellation {unknown}
 m - a potion of haste {unknown}
 n - 5 potions of curing {unknown}
 p - a potion of magic {unknown}
 r - 2 potions of resistance
 v - 2 potions of ambrosia {unknown}
 x - a potion of berserk rage
 z - 2 potions of heal wounds
 A - a potion of attraction {unknown}
 C - a potion of might {unknown}


   Skills:
 + Level 9.0 Fighting
 * Level 12.1 Axes
 + Level 8.5 Armour
 - Level 2.1 Dodging


You had 8 spell levels left.
You didn't know any spells.
Your spell library was empty.

Dungeon Overview and Level Annotations

Branches:
Dungeon (8/15)             Temple (0/1) D:4         Ossuary (visited)
   Lair: D:8-11

Altars:
Cheibriados
Makhleb
Qazlal
Sif Muna
Wu Jian
The Shining One


Innate Abilities, Weirdness & Mutations

You have a pair of horns on your head.
You reflexively headbutt those who attack you in melee.


Message History

Your Fighting skill increases to level 9!
Your Axes skill increases to level 12!
Things that are here:
a +0 great mace; a +0 giant spiked club You feel a strong urge to attack something.
A steam dragon comes into view.
You are no longer berserk.
You are exhausted.
You feel yourself slow down.
The steam dragon hisses angrily.
The steam dragon breathes steam at you. The ball of steam hits you!!
* * * LOW HITPOINT WARNING * * *
The steam dragon moves out of view.
You hear some strange, mumbled words.
A puff of flame appears from out of thin air!
Deactivating autopickup; reactivate with Ctrl-A.
The puff of flame hits you.
* * * LOW HITPOINT WARNING * * *
There is a stone staircase leading up here.
You see here a potion of degeneration.
The steam dragon closely misses you. The steam dragon barely misses you.
You climb upwards.
Reactivating autopickup.
There is a stone staircase leading down here.
You hit the steam dragon.
The steam dragon is lightly wounded.
The steam dragon bites you!
* * * LOW HITPOINT WARNING * * *
The steam dragon claws you but does no damage.
The steam dragon barely misses you.
The steam dragon claws you but does no damage.
You hit the steam dragon.
The steam dragon is lightly wounded.
The steam dragon barely misses you. The steam dragon misses you.
You slash the steam dragon!
The steam dragon is heavily wounded.
The steam dragon breathes steam at you. The ball of steam hits you!!
You die...

#..#...♣♣......#..
#..#...♣♣..##..###
#.#........##...#.
#.#.............##
#....##.._........
###..##.....≈≈..#.
#.#.........≈≈..#.
#.D#....≈≈.....#..
#@.#....≈≈.....#..
#...#.(.......#...
#....##.....##....
##.....##.##...#..
##.......####...#
##.###### ##....
#.# ####..... ##.#
#.....)#. #..#
#.##.###.


You could see a steam dragon (catching breath).

Vanquished Creatures
  A two-headed ogre (D:8)
  A troll (D:5)
  A wyvern (D:7)
  A steam dragon (D:8)
  2 water moccasins
  A black bear (D:6)
  Pargi (D:4)
  An orc warrior (D:7)
  A centaur (D:7)
  A kobold brigand (D:7)
  2 necrophages
  4 bullfrogs
  4 scorpions
  A howler monkey (D:6)
  3 jellies
  3 hounds
  4 orc priests
  A gnoll bouda (D:6)
  4 orc wizards
  2 iguanas
  Natasha (thrice) (D:4)
  A mummy (Ossuary)
  2 adders
  11 gnolls
  A shadow imp (D:7)
  3 white imps
  An ufetubus (D:4)
  An adder skeleton (D:2)
  A worm (D:2)
  3 dart slugs
  26 orcs
  3 spectral bats (Ossuary)
  8 ball pythons
  A bat zombie (D:2)
  6 endoplasms
  5 giant cockroaches
  A goblin (D:3)
  6 hobgoblins
  9 jackals
  19 kobolds
  2 quokkas
  2 bats (D:1)
  4 bat simulacra (Ossuary)
  A frilled lizard (D:1)
  12 gnoll zombies (Ossuary)
  3 goblin simulacra (Ossuary)
  9 goblin zombies (Ossuary)
  2 hobgoblin zombies (Ossuary)
  3 kobold simulacra (Ossuary)
  5 kobold zombies (Ossuary)
  2 orc zombies (Ossuary)
  A quokka zombie (D:2)
  8 rats
  A rat simulacrum (Ossuary)
  2 spectral goblins (Ossuary)
  4 spectral kobolds (Ossuary)
  A spectral rat (Ossuary)
212 creatures vanquished.

Vanquished Creatures (others)
  2 orcs (D:8)
  2 withered plants (D:2)
4 creatures vanquished.

Grand Total: 216 creatures vanquished

Notes
Turn   | Place    | Note
-------+----------+-------------------------------------------
     0 | D:1      | sanboga the Minotaur Berserker began the quest for the Orb.
     0 | D:1      | Reached XP level 1. HP: 19/19 MP: 0/0
   100 | D:1      | Reached skill level 4 in Axes
   100 | D:1      | Reached XP level 2. HP: 9/27 MP: 1/1
   891 | D:1      | Reached ** piety under Trog
   892 | D:1      | Reached XP level 3. HP: 33/33 MP: 2/2
  1096 | D:2      | Found a faded altar of an unknown god.
  1691 | D:2      | Reached skill level 5 in Axes
  1761 | D:2      | Reached XP level 4. HP: 34/40 MP: 3/3
  2316 | D:3      | Reached XP level 5. HP: 47/47 MP: 4/4
  2328 | D:3      | Reached skill level 6 in Axes
  2989 | D:3      | Found a glowing golden altar of the Shining One.
  3029 | D:4      | Noticed Natasha
  3032 | D:4      | Killed Natasha
  3033 | D:4      | Reached skill level 5 in Fighting
  3100 | D:4      | Reached *** piety under Trog
  3101 | D:4      | Reached XP level 6. HP: 36/56 MP: 5/5
  3255 | D:4      | Found a stormy altar of Qazlal.
  3444 | D:4      | Found a staircase to the Ecumenical Temple.
  3720 | D:4      | Noticed Natasha
  3721 | D:4      | Noticed Pargi
  3725 | D:4      | Killed Natasha
  3726 | D:4      | Reached skill level 7 in Axes
  3731 | D:4      | Killed Pargi
  3732 | D:4      | Reached skill level 5 in Armour
  3732 | D:4      | Reached XP level 7. HP: 62/62 MP: 6/6
  3797 | D:4      | Found a burning altar of Makhleb.
  3805 | D:4      | Found a snail-covered altar of Cheibriados.
  3973 | D:4      | Noticed Natasha
  3983 | D:4      | Killed Natasha
  4003 | D:5      | Entered Level 5 of the Dungeon
  4215 | D:5      | Noticed a troll
  4223 | D:5      | Killed a troll
  4224 | D:5      | Reached skill level 8 in Axes
  4750 | D:5      | Reached XP level 8. HP: 68/71 MP: 7/7
  4848 | D:5      | Reached skill level 9 in Axes
  5665 | D:6      | Found a sand-covered staircase.
  5674 | Ossuary  | Entered an ossuary
  5746 | Ossuary  | Reached **** piety under Trog
  6411 | D:6      | Reached skill level 10 in Axes
  6493 | D:6      | Found a shimmering blue altar of Sif Muna.
  6696 | D:7      | Found an ornate altar of the Wu Jian Council.
  6753 | D:7      | Reached XP level 9. HP: 75/81 MP: 8/8
  6851 | D:7      | Reached ***** piety under Trog
  7007 | D:7      | Reached skill level 11 in Axes
  7343 | D:8      | Noticed a two-headed ogre
  7353 | D:8      | Killed a two-headed ogre
  7353 | D:8      | Received a gift from Trog
  7354 | D:8      | Reached skill level 12 in Axes
  7363 | D:7      | Killed from afar by a steam dragon

Illustrated notes

Levels and vault maps discovered:
D:1:      dpeg_arrival_arbitrary_b, layout_basic, chequers_hall_statues_wall_a
D:2:      layout_loops_corners, serial_undead, serial_undead_d, serial_undead_c,
          serial_undead_b, serial_undead_b,
          shapermc_ecumenical_altar_totnotflames
D:3:      layout_basic, nicolae_tso_swordbearing_angel, palyth_stone_intersect
D:4:      layout_gridville, minitemple, nicolae_qazlal_general_emergency,
          minmay_temple_entry_statues, uniq_natasha, uniq_pargi
D:5:      nicolae_cairo_tiling_very_big, layout_layer_cave, serial_rivers,
          chequers_serial_rivers_micro_a, chequers_serial_rivers_small_3,
          chequers_serial_rivers_small_3, chequers_serial_rivers_micro_a
D:6:      layout_basic, kennysheep_mini_moat, enter_ossuary_3
D:7:      layout_rooms, nicolae_wu_jian_wuxing_cycle
D:8:      layout_rooms, grunt_ministairs_13

Skill      XL: |  1  2  3  4  5  6  7  8  9 |
---------------+----------------------------+-----
Axes           | 4 5 6 7 8 10 12 | 12.1
Fighting       | 4 5 6 7 9 |  9.0
Armour         | 3 4 5 6 7 8 |  8.5
Dodging        | |  2.1

Action                   |  1- 3 |  4- 6 |  7- 9 || total
-------------------------+-------+-------+-------++-------
Melee: Hand axe          |    73 |       |       ||    73
       Headbutt          |     9 |    10 |    45 ||    64
       Punch             |     2 |       |     2 ||     4
       War axe           |    20 |    91 |   229 ||   340
Invok: Berserk           |     1 |     3 |     3 ||     7
  Use: Scroll            |       |       |    15 ||    15
 Stab: Sleeping          |     1 |       |       ||     1
Armor: Animal skin       |    14 |       |       ||    14
       Plate armour      |    20 |    65 |   109 ||   194
Dodge: Dodged            |    76 |    65 |   134 ||   275
